Map: Hard Lead LE

Players

MindelVK

  • Race: Protoss Protoss
  • League: Grandmaster
  • Spawn Location: 11:00

DKZJieshi (Jieshi) - Winner!

  • Race: Protoss Protoss
  • League: Master
  • Spawn Location: 5:00

VOD

Have the link to the VOD?

Description

Time

  • Played on: Dec. 18, 2023, 12:37 p.m.
  • Length: 18:11
Show
View Real Time Build Order
Export as new Build Order

MindelVK Protoss 

Build Orders: Blink Stalkers 

Get SALT Encoding   

  12  0:00  Probe  
  13  0:12  Probe  
  14  0:17  Pylon  
  14  0:24  Probe (Chrono Boost)  
  16  0:36  Probe (Chrono Boost)  
  16  0:37  Gateway  
  16  0:43  Probe (Chrono Boost)  
  16  0:46  Assimilator  
  17  0:51  Probe  
  17  0:55  Assimilator  
  18  1:03  Probe (Chrono Boost)  
  19  1:07  Gateway  
  19  1:15  Probe (Chrono Boost)  
  20  1:20  Probe (Chrono Boost)  
  20  1:24  Cybernetics Core  
  21  1:29  Probe  
  22  1:37  Pylon  
  22  1:42  Probe  
  23  1:55  Probe  
  23  2:01  Stalker, Sentry, Warp Gate  
  24  2:07  Probe  
  29  2:13  Pylon  
  29  2:16  Shield Battery  
  29  2:24  Pylon  
  29  2:30  Stalker  
  29  2:35  Stalker  
  33  2:37  Probe  
  34  2:49  Twilight Council  
  34  2:58  Shield Battery  
  34  3:10  Stalker  
  34  3:11  Stalker  
  38  3:27  Blink (Chrono Boost)  
  35  3:35  Pylon, Probe  
  35  3:47  Probe  
  36  3:53  Sentry  
  36  3:54  Stalker  
  36  3:55  Shield Battery  
  40  3:57  Gateway  
  40  3:59  Probe  
  41  4:08  Pylon  
  41  4:16  Adept  
  41  4:17  Adept  
  45  4:30  Gateway  
  45  4:37  Sentry  
  47  4:43  Pylon  
  47  4:45  Pylon  
  45  4:59  Stalker  
  45  5:00  Stalker  
  43  5:29  Stalker  
  43  5:30  Stalker  
  33  5:52  Stalker  
  33  5:53  Stalker  
  28  6:17  Stalker x2  
  26  6:21  Probe (Chrono Boost)  
  27  6:27  Gateway  
  28  6:33  Probe (Chrono Boost)  
  28  6:38  Probe (Chrono Boost)  
  29  6:40  Stalker  
  29  6:41  Stalker  
  33  6:48  Probe  
  34  7:00  Probe  
  35  7:07  Stalker  
  35  7:08  Stalker  
  39  7:12  Probe  
  38  7:24  Stalker  
  33  7:36  Probe  
  23  7:48  Probe  
  24  8:00  Probe  
  25  8:06  Adept x2  
  25  8:12  Probe  
  28  8:24  Probe (Chrono Boost)  
  30  8:36  Probe (Chrono Boost)  
  30  8:41  Probe (Chrono Boost)  
  29  8:48  Stalker x2  
  29  8:50  Probe  
  34  9:25  Adept x2  
  34  9:28  Robotics Facility  
  38  9:56  Stalker x2, Sentry  
  41  10:05  Shield Battery  
  39  10:20  Sentry  
  39  10:25  Adept  
  39  10:26  Adept  
  43  10:39  Observer (Chrono Boost)  
  44  10:45  Sentry  
  44  11:08  Adept x2  
  46  11:28  Stalker x2  
  46  11:48  Observer  
  46  11:53  Adept x2  
  50  12:16  Immortal (Chrono Boost)  
  54  12:23  Observer  
  50  12:38  Stalker  
  50  12:39  Stalker, Observer  
  54  13:16  Nexus  
  52  13:38  Sentry x2  
  55  13:48  Pylon  
  55  13:51  Gateway  
  49  14:32  Probe (Chrono Boost)  
  50  14:41  Observer, Probe (Chrono Boost)  
  50  14:44  Probe (Chrono Boost)  
  52  14:50  Probe (Chrono Boost)  
  52  14:51  Probe (Chrono Boost)  
  54  14:54  Pylon  
  54  14:55  Probe (Chrono Boost)  
  54  14:58  Probe  
  56  15:01  Phoenix  
  56  15:07  Immortal (Chrono Boost)  
  56  15:09  Probe  
  61  15:14  Probe  
  61  15:16  Sentry  
  61  15:17  Sentry  
  66  15:25  Shield Battery  
  66  15:42  Immortal (Chrono Boost)  
  70  15:57  Sentry x2  
  74  16:11  Warp Prism (Chrono Boost)  
  76  16:21  Sentry x2, Pylon  
  78  16:42  Observer (Chrono Boost)  
  78  16:52  Nexus  
  76  17:02  Probe  
  76  17:04  Assimilator  
  76  17:07  Assimilator  
  77  17:11  Sentry  
  77  17:12  Observer, Sentry  
  77  17:15  Probe  
  82  17:16  Shield Battery  
  82  17:20  Probe  
  83  17:32  Probe  
  74  17:44  Sentry x2  
Show
View Real Time Build Order
Export as new Build Order

DKZJieshi Protoss - Winner!

Build Orders:  

Get SALT Encoding   

  12  0:00  Probe  
  13  0:13  Probe  
  14  0:17  Pylon  
  14  0:25  Probe (Chrono Boost)  
  15  0:37  Gateway, Probe (Chrono Boost)  
  16  0:44  Probe (Chrono Boost)  
  16  0:46  Assimilator  
  17  0:51  Probe  
  17  0:55  Assimilator  
  18  1:03  Probe (Chrono Boost)  
  19  1:09  Gateway  
  19  1:13  Probe (Chrono Boost)  
  19  1:18  Probe (Chrono Boost)  
  20  1:25  Cybernetics Core  
  21  1:30  Probe  
  22  1:34  Pylon  
  22  1:42  Probe  
  24  1:54  Probe  
  24  2:01  Warp Gate  
  24  2:02  Adept x2  
  28  2:10  Robotics Facility  
  28  2:15  Pylon  
  28  2:32  Adept  
  28  2:33  Adept  
  31  2:42  Gateway  
  31  2:55  Immortal (Chrono Boost)  
  35  3:04  Sentry  
  37  3:07  Pylon  
  37  3:24  Warp Prism (Chrono Boost)  
  37  3:49  Stalker  
  37  3:50  Stalker x2  
  37  3:53  Pylon  
  44  3:57  Observer  
  44  4:14  Stalker x3  
  50  4:21  Pylon  
  48  4:42  Stalker x2  
  48  4:43  Stalker  
  54  4:48  Probe (Chrono Boost)  
  52  4:57  Probe (Chrono Boost)  
  52  5:02  Probe (Chrono Boost)  
  53  5:21  Stalker x3  
  51  5:39  Warp Prism (Chrono Boost)  
  45  5:53  Stalker x2  
  39  6:12  Stalker  
  37  6:22  Stalker x2  
  35  6:26  Probe  
  36  6:38  Immortal (Chrono Boost)  
  40  6:50  Adept  
  40  6:53  Sentry  
  44  7:00  Adept  
  46  7:12  Pylon  
  46  7:28  Stalker, Zealot  
  46  7:30  Zealot  
  44  7:39  Observer  
  44  7:41  Immortal (Chrono Boost)  
  44  8:18  Nexus  
  42  8:27  Sentry  
  44  8:38  Immortal (Chrono Boost)  
  48  8:45  Probe  
  49  8:49  Sentry  
  49  8:50  Observer  
  49  8:54  Sentry  
  53  8:58  Probe  
  53  9:00  Observer  
  54  9:11  Pylon, Probe  
  55  9:19  Adept  
  55  9:24  Probe (Chrono Boost)  
  58  9:32  Probe (Chrono Boost)  
  60  9:43  Adept x2  
  59  9:54  Observer, Probe x2  
  59  10:06  Probe x2  
  60  10:18  Probe x2  
  60  10:25  Twilight Council  
  60  10:31  Stalker x2  
  60  10:33  Probe  
  63  10:46  Adept, Probe  
  59  10:55  Adept  
  59  10:56  Probe (Chrono Boost)  
  56  10:58  Probe (Chrono Boost)  
  56  11:01  Observer  
  54  11:08  Probe (Chrono Boost)  
  54  11:09  Probe (Chrono Boost)  
  54  11:14  Probe (Chrono Boost)  
  55  11:24  Probe  
  56  11:25  Blink (Chrono Boost)  
  56  11:36  Probe  
  56  11:39  Adept  
  54  11:48  Probe  
  55  11:55  Stalker  
  55  11:58  Observer  
  55  12:00  Probe  
  58  12:05  Probe  
  59  12:13  Probe  
  61  12:26  Adept  
  61  12:28  Stalker  
  60  12:32  Probe  
  60  12:36  Probe  
  59  12:48  Probe x2  
  61  12:54  Observer (Chrono Boost)  
  61  13:01  Probe (Chrono Boost)  
  61  13:06  Probe (Chrono Boost)  
  61  13:12  Probe (Chrono Boost)  
  62  13:18  Shield Battery, Probe (Chrono Boost)  
  62  13:19  Probe (Chrono Boost)  
  62  13:27  Observer  
  62  13:30  Probe x2  
  58  13:42  Probe x2 (Chrono Boost)  
  60  13:54  Stalker, Sentry x2, Probe (Chrono Boost)  
  60  13:55  Probe (Chrono Boost)  
  68  14:01  Probe (Chrono Boost)  
  69  14:09  Probe  
  69  14:10  Probe  
  67  14:28  Stalker  
  67  14:29  Observer  
  67  14:30  Probe  
  72  14:38  Immortal (Chrono Boost)  
  72  14:39  Probe  
  72  14:43  Pylon  
  72  14:45  Pylon  
  73  14:48  Pylon  
  73  14:56  Nexus  
  73  14:59  Pylon  
  73  15:05  Sentry  
  75  15:08  Stalker, Sentry  
  75  15:10  Probe  
  75  15:12  Probe  
  81  15:20  Observer (Chrono Boost)  
  81  15:22  Probe  
  81  15:24  Probe  
  83  15:31  Assimilator  
  83  15:32  Stalker, Gateway  
  83  15:33  Sentry  
  87  15:38  Stalker  
  87  15:40  Probe  
  90  15:43  Probe  
  92  15:51  Observer  
  92  15:54  Probe  
  92  15:55  Probe  
  92  15:56  Shield Battery  
  94  16:02  Forge  
  94  16:05  Gateway  
  94  16:09  Stalker  
  94  16:11  Probe (Chrono Boost)  
  94  16:14  Probe (Chrono Boost)  
  97  16:22  Probe x2 (Chrono Boost)  
  97  16:23  Probe (Chrono Boost)  
  98  16:26  Stalker x2  
  100  16:43  Stalker x2, Immortal (Chrono Boost)  
  100  16:44  Pylon  
  108  17:00  Pylon  
  108  17:01  Stalker x2  
  112  17:03  Stalker  
  114  17:11  Photon Cannon  
  114  17:12  Pylon  
  114  17:13  Pylon  
  114  17:15  Warp Prism (Chrono Boost)  
  116  17:25  Assimilator  
  116  17:29  Stalker x2  
Tags
 
Composition
Blink Stalkers
Matchup
PvP
Player
Jieshi
Replay Pack
December 2023
Spawn Locations
Cross Positions
Add a new tag
Caveats
  • Supply blocks, unpowered buildings, or Contaminate may cause inaccurate times.
  • Supply counts are checked every 10 seconds.